 Dungeon Crawl Stone Soup version 0.29-a0-330-g52719c12eb (webtiles) character file.

Game seed: 13346861478785423085

5538 kae the Arsonist (level 10, -8/69 HPs)
             Began as a Demigod Fire Elementalist on Apr 27, 2022.
             Killed by an exploding yak (28 damage)
             ... ignited by their inner flame
             ... on level 8 of the Dungeon.
             The game lasted 00:08:06 (13541 turns).

kae the Arsonist (Demigod Fire Elementalist)       Turns: 13541, Time: 00:08:06

Health: -8/69      AC: 10    Str:  9    XL:     10   Next: 20%
Magic:  17/25      EV: 12    Int: 29    God:
Gold:   550        SH:  0    Dex: 14    Spells: 11/24 levels left

rFire   . . .      SeeInvis .   c - staff of conjuration
rCold   + . .      Faith    .   (no shield)
rNeg    . . .      Spirit   .   a - +0 robe
rPois   .          Reflect  .   (no helmet)
rElec   .          Harm     .   n - +0 cloak
rCorr   .          Rampage  .   o - +1 pair of gloves
Will    +....                   s - +0 pair of boots
Stlth   ++........              e - amulet of the acrobat
HPRegen 0.21/turn               m - +4 ring of protection
MPRegen 0.19/turn               k - ring of protection from cold

@: studying Fighting
A: high MP 1, forlorn, divine attributes
a: no special abilities


You were on level 8 of the Dungeon.
You visited 2 branches of the dungeon, and saw 9 of its levels.
You also visited: Bailey.

You collected 550 gold pieces.

Inventory:

Armour
 a - a +0 robe (worn)
 n - a +0 cloak (worn)
 o - a +1 pair of gloves (worn)
 s - a +0 pair of boots (worn)
Magical Staves
 c - a staff of conjuration (weapon)
Jewellery
 e - an amulet of the acrobat (around neck)
 k - a ring of protection from cold (right hand)
 m - a +4 ring of protection (left hand)
Wands
 v - a wand of mindburst (17)
 B - a wand of flame (45)
 C - a wand of polymorph (2)
Scrolls
 d - a scroll of blinking
 l - 2 scrolls of holy word
 r - a scroll of summoning
 t - 4 scrolls of enchant weapon
 w - a scroll of amnesia
 x - 2 scrolls of teleportation
 y - a scroll of fear
 D - a scroll of magic mapping
 E - a scroll of enchant armour
Potions
 b - a potion of magic
 f - 2 potions of brilliance
 g - 5 potions of might
 h - 6 potions of curing
 i - 2 potions of flight
 j - a potion of lignification
 p - a potion of attraction
 q - a potion of resistance {unknown}
 u - a potion of haste
 z - 2 potions of degeneration {unknown}
 A - a potion of heal wounds {unknown}


   Skills:
 - Level 1.7 Dodging
 - Level 1.7 Stealth
 + Level 7.8 Spellcasting
 + Level 8.3 Conjurations
 + Level 8.8 Fire Magic


You had 11 spell levels left.
You knew the following spells:

 Your Spells              Type           Power      Damage    Failure   Level
a - Foxfire               Conj/Fire      100%       2x1d9     1%          1
b - Scorch                Fire           100%       2d10      1%          2
c - Conjure Flame         Conj/Fire      75%        6-21      1%          3
d - Inner Flame           Hex/Fire       36%        N/A       2%          3
e - Flame Wave            Conj/Fire      75%        2d13      1%          4

Your spell library contained the following spells:

 Spells                   Type           Power      Damage    Failure   Level
 Stone Arrow              Conj/Erth      100%       3d13      2%          3
 Freeze                   Ice            44%        1d6       4%          1
 Sandblast                Erth           22%        2d7       4%          1
 Blink                    Tloc           22%        N/A       7%          2
 Corpse Rot               Necr/Air       22%        N/A       7%          2
 Passwall                 Tmut/Erth      9%         N/A       7%          2
 Hailstorm                Conj/Ice       52%        3d12      9%          4
 Frozen Ramparts          Ice            22%        1d4       14%         3
 Lesser Beckoning         Tloc           11%        N/A       14%         3
 Cause Fear               Hex            5%         N/A       43%         4
 Dispel Undead            Necr           11%        3d9       43%         4
 Manifold Assault         Tloc           11%        N/A       78%         5
 Death Channel            Necr           5%         N/A       100%        6
 Discord                  Hex            5%         N/A       100%        8


Dungeon Overview and Level Annotations

Branches:
Dungeon (8/15)             Temple (1/1) D:5            Lair (0/6) D:8
 Bailey (visited)


Innate Abilities, Weirdness & Mutations

You have an increased reservoir of magic. (+10% MP)
You shall have no god before yourself.
Your divine heritage dramatically boosts your attributes as you level up.


Message History

The foxfire hits the yak.
The yak is heavily wounded.
Casting: Foxfire (safe; 1% risk of failure)
Confirm with . or Enter, or press ? or * to list all spells.
You feel a surge of power!
You conjure some foxfire!
The foxfire hits the yak.
The yak is lightly wounded.
The foxfire hits the yak.
The yak is moderately wounded.
The yak is engulfed in blazing flames.
You hit the yak but do no damage.
You blast the yak.
The yak is lightly wounded.
The yak is engulfed in blazing flames.
The yak misses you.
Casting: Foxfire (safe; 1% risk of failure)
Confirm with . or Enter, or press ? or * to list all spells.
Aiming: Inner Flame (dangerous; 2% risk of failure)
Press: ? - help, Dir - move target, f - yak
Aim: a yak (flame, chance to affect: 87%)
The yak is filled with an inner flame.
The yak gores you! The yak closely misses you.
The yak is engulfed in blazing flames.
Flame seeps out of the yak.
The yak gores you!
You hit the yak.
Flame seeps out of the yak.
You blast the yak.
Flame seeps out of the yak.
The yak is lightly wounded.
The yak gores you but does no damage.
The yak is engulfed in blazing flames.
Flame seeps out of the yak.
The yak closely misses you. The yak gores you! x2
The yak misses you.
The yak is engulfed in blazing flames.
Flame seeps out of the yak.
The yak barely misses you.
You barely miss the yak.
The yak is severely wounded.
The yak gores you!
* * * LOW HITPOINT WARNING * * *
The yak is engulfed in blazing flames.
The yak explodes!
The fiery explosion engulfs the yak!
The yak is severely wounded.
The fiery explosion engulfs the yak!!
The yak is almost dead.
The fiery explosion engulfs you!!
You die...

..... #..# #.#
###..#####.#.#
##..........#.+
#>...>......#.# .
#...........#)## ..
#..........#..####...
#..........#.........
#.........Y#Y........
#.........@§Yo.......
#.........Y#Y........
##################.##


You could see 5 yaks and an orc.

Vanquished Creatures
  Pikel (D:6)
  A troll (D:7)
  Grinder (D:6)
  Sigmund (D:6)
  Eustachio (D:6)
  A yak (D:8)
  2 water moccasins (D:6)
  2 sky beasts (D:7)
  2 ice beasts
  11 orc warriors (Bailey)
  11 centaurs (Bailey)
  2 ogres
  A lemure (D:6)
  A bullfrog (D:7)
  3 scorpions
  6 necrophages
  A wyvern zombie (D:5)
  2 water moccasin zombies (D:5)
  A wight (D:5)
  2 jellies
  A bullfrog zombie (D:5)
  A human zombie (D:5)
  2 orc priests
  A gnoll shaman (D:5)
  5 hounds
  2 iguanas
  5 orc wizards
  A scorpion zombie (D:5)
  A mummy (D:5)
  A howler monkey zombie (D:5)
  6 adders
  7 gnolls
  A shadow imp (D:6)
  A white imp (D:5)
  An ufetubus (D:6)
  2 worms
  3 dart slugs
  40 orcs
  12 ball pythons
  6 endoplasms
  8 giant cockroaches
  10 goblins
  9 hobgoblins
  2 jackals (D:1)
  4 kobolds
  4 quokkas
  7 bats
  4 frilled lizards
  6 rats (D:1)
206 creatures vanquished.

Vanquished Creatures (others)
  An orc (Bailey)
  696 foxfires
697 creatures vanquished.

Grand Total: 903 creatures vanquished

Notes
Turn   | Place    | Note
-------+----------+-------------------------------------------
     0 | D:1      | kae the Demigod Fire Elementalist began the quest for the
                  | Orb.
     0 | D:1      | Reached XP level 1. HP: 14/14 MP: 5/5
    61 | D:1      | Reached skill level 1 in Conjurations
   576 | D:1      | Reached XP level 2. HP: 20/20 MP: 4/7
  1423 | D:1      | Learned a level 2 spell: Scorch
  2031 | D:1      | Reached XP level 3. HP: 22/26 MP: 5/9
  2252 | D:1      | Identified a scroll of acquirement
  2260 | D:1      | Learned a level 3 spell: Conjure Flame
  2260 | D:1      | Acquired a staff of conjuration
  2858 | D:2      | Noticed a scorpion
  2869 | D:2      | Killed a scorpion
  2870 | D:2      | Reached XP level 4. HP: 33/33 MP: 5/11
  3946 | D:3      | Reached XP level 5. HP: 38/38 MP: 9/12
  4371 | D:3      | You fall into a shaft and drop 2 floors!
  4371 | D:5      | Entered Level 5 of the Dungeon
  4376 | D:5      | Found a staircase to the Ecumenical Temple.
  4996 | D:5      | Reached XP level 6. HP: 45/45 MP: 9/14
  6024 | D:4      | Learned a level 3 spell: Inner Flame
  7105 | D:5      | Learned a level 4 spell: Flame Wave
  7160 | D:5      | Reached skill level 5 in Fire Magic
  7160 | D:5      | Reached XP level 7. HP: 50/50 MP: 11/16
  7245 | D:6      | Noticed Grinder
  7317 | D:6      | Paralysed by Grinder for 7 turns
  7518 | D:6      | Paralysed by Grinder for 4 turns
  7527 | D:6      | Killed Grinder
  7711 | D:6      | Noticed Eustachio
  7725 | D:6      | Reached skill level 5 in Conjurations
  7847 | D:6      | Reached skill level 5 in Spellcasting
  7847 | D:6      | Reached XP level 8. HP: 50/57 MP: 8/19
  8167 | D:6      | Noticed Sigmund
  8177 | D:6      | Killed Sigmund
  8535 | D:6      | Noticed Pikel
  8597 | Temple   | Entered the Ecumenical Temple
  8743 | D:6      | Killed Pikel
  9166 | D:5      | Reached XP level 9. HP: 60/62 MP: 16/22
 10118 | D:7      | Noticed a five-headed hydra
 10155 | D:6      | Killed Eustachio
 10496 | D:7      | Found the +1 robe of Vines {NoPotionHeal Regen++++}
 10881 | D:8      | Found a flagged portal.
 10908 | Bailey   | Entered a bailey
 12315 | Bailey   | Reached XP level 10. HP: 69/69 MP: 20/25
 13512 | D:8      | Found a staircase to the Lair.
 13541 | D:8      | Killed by an exploding yak... ignited by their inner flame

Illustrated notes

Levels and vault maps discovered:
D:1:      kennysheep_arrival_forest, layout_basic, minmay_splitting_lines
D:2:      layout_basic, minmay_nonomino_d4
D:3:      layout_loops_corners, minitemple, basic_ecumenical_altar,
          minmay_door_square
D:4:      layout_basic, grunt_gozag_statues, evilmike_ruin_ashenzari
D:5:      layout_basic, nicolae_overflow_crystal_walls,
          nemelex_dance_club_becter, lemuel_mausoleum_altar_kikubaaqudgha,
          minmay_temple_entry_slanted
D:6:      layout_basic, marbit_many_paths, uniq_pikel, uniq_grinder,
          uniq_eustachio, uniq_sigmund
D:7:      layout_cave_pools, hellmonk_guarded_unrand_vines
D:8:      layout_basic, lemuel_crystal_altar, gammafunk_temple_overflow_statue,
          makhleb_blood_cavern_becter, lair_entry_dummy, enter_bailey_3,
          chequers_serial_rivers_marsh
Temple:   compressed_dpeg_triangle_lava_temple

Skill      XL: |  1  2  3  4  5  6  7  8  9 |
---------------+----------------------------+-----
Conjurations   | 1 2 3 4 5 6 8 |  8.3
Spellcasting   | 2 3 4 5 6 7 |  7.8
Fire Magic     | 3 4 5 7 8 |  8.8
Dodging        | |  1.7
Stealth        | |  1.7

Action                   |  1- 3 |  4- 6 |  7- 9 | 10-12 || total
-------------------------+-------+-------+-------+-------++-------
Melee: Unarmed           |    45 |       |       |       ||    45
       Staff             |       |       |     1 |     3 ||     4
 Cast: Foxfire           |   118 |   115 |   148 |    33 ||   414
       Scorch            |     4 |    33 |   115 |    20 ||   172
       Conjure Flame     |       |     1 |     6 |     1 ||     8
       Flame Wave        |       |       |     2 |       ||     2
       Inner Flame       |       |       |       |     1 ||     1
  Use: Scroll            |     5 |     9 |     7 |       ||    21
Armor: Robe              |    20 |     8 |    29 |    10 ||    67
Dodge: Dodged            |    52 |    58 |   123 |    57 ||   290

Table legend: (Time is in decaauts)
 A = Elapsed time spent in this place.
 B = Non-inter-level travel time spent in this place.
 C = Inter-level travel time spent in this place.
 D = Time resting spent in this place.
 E = Time spent auto-exploring this place.
 F = Levels seen in this place.
 G = Mean time per level.
                   A        B        C        D        E       F      G
               +--------+--------+--------+--------+--------+-----+--------+
         Total |  13577 |  13198 |    379 |   1159 |   9962 |  10 | 1357.7 |
       Dungeon |  10990 |  10611 |    379 |    507 |   8604 |   8 | 1373.8 |
        Temple |      1 |      1 |      0 |      0 |      0 |   1 |    1.0 |
        Bailey |   2585 |   2585 |      0 |    652 |   1358 |   1 | 2585.0 |
               +--------+--------+--------+--------+--------+-----+--------+

Top non-repeatable levels by time:
  Bailey: 2585 daAuts
     D:5: 2338 daAuts
     D:1: 2284 daAuts
     D:6: 1740 daAuts
     D:3: 1380 daAuts
     D:4: 1054 daAuts
     D:2: 978 daAuts
     D:7: 851 daAuts
     D:8: 361 daAuts
  Temple: 1 daAuts
